 Dungeon Crawl Stone Soup version 0.31-a0-210-gccc998df9b (webtiles) character file.

Game seed: 6526196719573511793

65 qw the Shooter (level 4, 0/26 HPs)
             Began as a Gargoyle Hexslinger on June 29, 2023.
             Slain by a gnoll
             ... wielding a +0 spear
              (7 damage)
             ... on level 3 of the Dungeon.
             The game lasted 00:00:38 (1256 turns).

qw the Shooter (Gargoyle Hexslinger)                Turns: 1256, Time: 00:00:38

Health: 0/26       AC:  9    Str:  9 (11) XL:     4   Next: 14%
Magic:  5/5        EV: 10    Int: 13 (14) God:
Gold:   68         SH:  0    Dex: 12 (14) Spells: 4/5 levels left

rFire   . . .        Y - +2 sling
rCold   . . .        (no shield)
rNeg    + . .        h - +0 ring mail
rPois   inf          g - +0 helmet
rElec   +            (no cloak)
rCorr   .            (no gloves)
SInv    .            (no boots)
Will    .....        (no amulet)
Stlth   +            (no ring)
HPRegen 0.24/turn    (no ring)
MPRegen 0.09/turn

%: no passive effects
@: about to teleport
A: sickness immunity, AC +3, negative energy resistance 1, electricity
resistance, torment resistance 1, petrification resistance
a: no special abilities


You were on level 3 of the Dungeon.
You visited 1 branch of the dungeon, and saw 3 of its levels.

You collected 68 gold pieces.


Innate Abilities, Weirdness & Mutations

You are immune to sickness and miasma.
Your stone body is resilient. (AC +3)
You are immune to poison.
You resist negative energy. (rN+)
You are resistant to electric shocks. (rElec)
You are resistant to unholy torment.
You are immune to petrification.


   Skills:
 - Level 2.0 Fighting
 + Level 3.8 Ranged Weapons
 - Level 1.0 Armour
 - Level 1.5 Dodging
 - Level 1.0 Spellcasting
 - Level 2.6 Hexes


You had 4 spell levels left.
You knew the following spells:

 Your Spells              Type           Power      Damage    Failure   Level
a - Slow                  Hex            28%        N/A       26%         1

Your spell library contained the following spells:

 Spells                   Type           Power      Damage    Failure   Level
 Inner Flame              Hex/Fire       4%         N/A       80%         3
 Portal Projectile        Hex/Tloc       8%         N/A       80%         3
 Cause Fear               Hex            3%         N/A       95%         4

Inventory:

Hand Weapons
 Y - a +2 sling (weapon)
Armour
 c - a +0 pair of gloves
 g - a +0 helmet (worn)
 h - a +0 ring mail (worn)
Potions
 b - a potion of ambrosia {unknown}
 e - 2 potions of curing
 f - a potion of invisibility {unknown}
 i - a potion of brilliance {unknown}
 j - a potion of lignification {unknown}
 m - a potion of attraction {unknown}

Dungeon Overview and Level Annotations

Branches:
Dungeon (3/15)

Altars:

Shops:
D:2 [((


Message History

The jackal bites you but does no damage.
You shoot a sling bullet. The sling bullet hits the jackal!
You kill the jackal!
c - a +0 pair of gloves A jackal comes into view.
The jackal barks!
Enter note: You shoot a sling bullet.
The sling bullet hits the jackal!
You kill the jackal!
A goblin comes into view. It is wielding a +0 dagger.
Found a ring mail.
The goblin shouts!
You hear a shout!
A gnoll comes into view. It is wielding a +0 flail.
You hear a shout! x2
Enter note: You shoot a sling bullet.
The sling bullet barely misses the goblin.
A gnoll comes into view. It is wielding a +0 spear.
The gnoll moves out of view.
You shoot a sling bullet. The sling bullet hits the goblin.
The goblin is severely wounded.
The goblin closely misses you.
You shoot a sling bullet. The sling bullet hits the goblin.
You kill the goblin!
The gnoll barely misses you. The gnoll hits you with a +0 flail!
Your Armour skill increases to level 1!
You shoot a sling bullet. The sling bullet hits the gnoll.
The gnoll is moderately wounded.
The gnoll hits you but does no damage.
The gnoll hits you from afar with a +0 spear.
You shoot a sling bullet.
The sling bullet hits the gnoll but does no damage.
The gnoll is moderately wounded.
The gnoll hits you from afar with a +0 spear.
The gnoll hits you with a +0 flail.
1256 ||| READING scroll of teleportation.
As you read the scroll of teleportation, it crumbles to dust.
You feel strangely unstable.
The gnoll hits you from afar with a +0 spear!
You die...

...%.##.........
...........##.##.
...........##.#
............# #
............#
#####.......#
#.......# #
..##.###.#.#[#
##. #.# #@)...# #
#. #g..### #.
##g.# ..# ...
.### .# ##


You could see 2 gnolls.

Vanquished Creatures
  A gnoll (D:1)
  3 dart slugs
  4 endoplasms (D:1)
  2 giant cockroaches
  7 hobgoblins
  7 jackals
  6 kobolds
  4 ball pythons
  4 bats
  5 goblins
  2 rats
45 creatures vanquished.

Notes
Turn   | Place    | Note
-------+----------+-------------------------------------------
     0 | D:1      | qw the Gargoyle Hexslinger began the quest for the Orb.
     0 | D:1      | Reached XP level 1. HP: 12/12 MP: 2/2
     0 | D:1      | 0 ||| qw: Version: 0.3-a-24-ga2abf7b
     0 | D:1      | 0 ||| qw: Game counter: 6786
     0 | D:1      | 0 ||| qw: Melee chars always use a shield: true
     0 | D:1      | 0 ||| qw: God list: Okawaru
     0 | D:1      | 0 ||| qw: Allow faded altars: false
     0 | D:1      | 0 ||| qw: Do Orc after clearing Dungeon:15 true
     0 | D:1      | 0 ||| qw: Do second Lair branch before Depths: true
     0 | D:1      | 0 ||| qw: Lair rune preference: random
     0 | D:1      | 0 ||| qw: Goals: Normal
     0 | D:1      | 0 ||| PLANNING D:1-11
   185 | D:1      | Reached XP level 2. HP: 15/16 MP: 3/3
   190 | D:1      | HP: 3/16 [gnoll/+0 club (4)]
   195 | D:1      | Reached skill level 3 in Ranged Weapons
   338 | D:1      | Reached XP level 3. HP: 20/20 MP: 4/4
   682 | D:1      | 682 ||| UPGRADING to +0 helmet.
   687 | D:1      | 687 ||| READING scroll labelled VIFIGEN OKE.
   688 | D:1      | 688 ||| READING scroll labelled AZXUCI DUKOTZ.
   692 | D:1      | 692 ||| READING scroll labelled QEIKHO HEYR.
   693 | D:1      | 693 ||| READING scroll labelled SEIDIA NAST.
   694 | D:1      | 694 ||| DRINKING 2 green potions.
   695 | D:1      | 695 ||| DROPPING scroll of poison.
   696 | D:1      | 696 ||| DROPPING potion of degeneration.
   733 | D:2      | Found Pelukusch's Antique Armour Shop.
   749 | D:2      | 749 ||| SHOPLISTING +3 salamander hide armour {Flames,
                  | rFlCloud rF++ rC--} (897 gold, have 26).
   749 | D:2      | 749 ||| SHOPLISTING glowing leather armour (130 gold, have
                  | 26).
   749 | D:2      | 749 ||| SHOPLISTING pair of boots (117 gold, have 26).
   749 | D:2      | 749 ||| SHOPLISTING ring mail (104 gold, have 26).
   749 | D:2      | 749 ||| SHOPLISTING ruby-encrusted leather armour (182
                  | gold, have 26).
   749 | D:2      | 749 ||| SHOPLISTING runed leather armour (130 gold, have
                  | 26).
   749 | D:2      | 749 ||| SHOPLISTING shiny ring mail (182 gold, have 26).
  1008 | D:2      | Found Tukoesh's Antique Weapon Emporium.
  1008 | D:2      | Found Ysmihagi's Antique Weapon Emporium.
  1020 | D:2      | 1020 ||| SHOPLISTING masterwork shortbow (184 gold, have
                  | 68).
  1147 | D:2      | 1147 ||| UPGRADING to +0 ring mail.
  1157 | D:2      | 1157 ||| DROPPING +0 robe.
  1158 | D:2      | 1158 ||| READING scroll labelled RANIUM MECEQU.
  1159 | D:2      | 1159 ||| READING scroll labelled ZASHAI QEMOWE.
  1160 | D:2      | 1160 ||| DRINKING 3 puce potions.
  1198 | D:3      | Reached XP level 4. HP: 26/26 MP: 5/5
  1254 | D:3      | Reached skill level 1 in Armour
  1255 | D:3      | HP: 6/26 [gnoll/+0 flail (5)]
  1256 | D:3      | 1256 ||| READING scroll of teleportation.
  1256 | D:3      | Slain by a gnoll

Levels and vault maps discovered:
D:1:      shiori_shiawase, layout_basic, nicolae_titane
D:2:      layout_rooms, serial_shops, shop, shop, shop
D:3:      layout_basic

Skill      XL: |  1  2  3  4 |
---------------+-------------+-----
Ranged Weapons | 3 |  3.8
Fighting       | 2 |  2.0
Armour         | 1 |  1.0
Dodging        | |  1.5
Spellcasting   | |  1.0
Hexes          | |  2.6

Action                     |  1- 3 |  4- 6 || total
---------------------------+-------+-------++-------
   Fire: Sling             |   131 |    19 ||   150
    Use: Scroll            |     6 |     1 ||     7
         Potion            |     2 |       ||     2
 Armour: Robe              |    31 |       ||    31
         Ring mail         |     1 |     6 ||     7
  Dodge: Dodged            |    81 |     5 ||    86

Table legend:
 A = Non-vault XP
 B = Vault XP
 C = Vault XP percentage of total XP
 D = Non-vault monster count
 E = Vault monster count
 F = Vault count percentage of total count
                 A         B        C        D         E       F
            +---------+---------+-------+---------+---------+-------
      Total |      94 |       0 |   0.0 |      45 |       0 |   0.0
            +---------+---------+-------+---------+---------+-------
        D:1 |      56 |       0 |   0.0 |      24 |       0 |   0.0
        D:2 |      24 |       0 |   0.0 |      14 |       0 |   0.0
        D:3 |      14 |       0 |   0.0 |       7 |       0 |   0.0
            +---------+---------+-------+---------+---------+-------
